 Dungeon Sprint DCSS version 0.27.1-1-g398f81649c (webtiles) character file.

Game seed: 15023338603651030411

1248 styxcanada the Unseen (level 8, -1/43 HPs)
             Began as a Spriggan Brigand on Sept 17, 2021.
             Was an Initiate of Gozag.
             Succumbed to a killer bee's poison
             ... in the Dungeon (Sprint IV: "Fedhas' Mad Dash").
             The game lasted 00:04:26 (268 turns).

styxcanada the Unseen (Spriggan Brigand)             Turns: 268, Time: 00:04:26

Health: -1/43      AC:  3    Str:  7    XL:     8   Next: 26%
Magic:  9/9        EV: 21    Int: 13    God:    Gozag
Gold:   264        SH:  7    Dex: 18    Spells: 7/7 levels left

rFire    . . .     SeeInvis +   a - +3 dagger (drain)
rCold    . . .     Faith    .   n - +0 buckler
rNeg     . . .     Spirit   .   b - +0 robe
rPois    .         Reflect  .   (helmet restricted)
rElec    .         Harm     .   c - +0 cloak
rCorr    .         Rampage  .   (gloves unavailable)
Will     +....     NoTele   +   (boots unavailable)
Stlth    ++++++++..             l - amulet of invisibility {+Inv}
HPRegen  0.14/turn              (no ring)
MPRegen  0.11/turn              (no ring)

@: lethally poisoned (-1 -> -9), gold aura, very slightly contaminated, very
quick
A: very small, no large weapons, unfitting armour, see invisible, speed 3
a: Renounce Religion, Evoke Invisibility, Potion Petition, Call Merchant, Bribe
Branch


You were in the Dungeon.
You worshipped Gozag.
Gozag was aware of your devotion.
You visited 1 branch You collected 728 gold pieces.
You spent 464 gold pieces at shops.

Inventory:

Hand Weapons
 a - a +3 dagger of draining (weapon)
Missiles
 d - 8 poisoned darts (quivered)
 e - 2 curare-tipped darts
 r - 27 stones
Armour
 b - a +0 robe (worn)
 c - a +0 cloak (worn)
 n - a +0 buckler (worn)
Jewellery
 l - the amulet of invisibility (around neck) {+Inv}
   (You found it in the Dungeon)

   [amulet of nothing]

   +Inv:      It lets you turn invisible.
 s - the amulet "Olipotz" {Spirit *Corrode Int+9}
   (You found it in the Dungeon)

   [amulet of guardian spirit]

   It causes incoming damage to be divided between your reserves of health and
   magic.
   Int:       It affects your intelligence (+9).
   *Corrode:  It may corrode you when you take damage.
Wands
 q - a wand of iceblast (10)
Scrolls
 m - a scroll of immolation
 o - a scroll of identify
 p - a scroll of summoning
Potions
 f - a potion of curing
 g - a potion of heal wounds
 h - a potion of haste
 i - 2 potions of magic
 j - a potion of berserk rage


   Skills:
 * Level 5.1 Fighting
 + Level 4.6 Short Blades
 + Level 3.5 Throwing
 * Level 7.7 Dodging
 * Level 20.3 Stealth
 * Level 3.0 Shields
 * Level 6.3 Evocations


You had 7 spell levels left.
You didn't know any spells.
Your spell library was empty.

Dungeon Overview and Level Annotations

Branches:
Dungeon (1/1)

Altars:
Cheibriados
Dithmenos
Elyvilon
Gozag
Hepliaklqana
Kikubaaqudgha
Makhleb
Nemelex Xobeh
Okawaru
Qazlal
Ru
Sif Muna
Trog
Uskayaw
Vehumet
Wu Jian
Xom
Yredelemnul
Zin
The Shining One
Beogh
Jiyva
Lugonu

Shops:
D =?*?


Innate Abilities, Weirdness & Mutations

You are very small and have problems with some larger weapons.
You are too small for most types of armour.
You have supernaturally acute eyesight. (SInv)
You cover ground extremely quickly. (Speed+++)


Message History

You hit the killer bee.
The killer bee is no longer distracted by gold.
The killer bee is lightly wounded.
You flicker back into view.
The killer bee closely misses you.
The killer bee is distracted by your dazzling golden aura.
The killer bee stings you. You block the killer bee's attack.
The killer bee is distracted by your dazzling golden aura.
The killer bee completely misses you.
You closely miss the killer bee.
The killer bee is no longer distracted by gold.
The killer bee barely misses you. The killer bee stings you.
You are poisoned.
The killer bee poisons you! The killer bee stings you.
You are more poisoned.
The killer bee poisons you! You block the killer bee's attack.
The killer bee closely misses you. The killer bee completely misses you.
You closely miss the killer bee.
You feel very sick. The killer bee closely misses you.
The killer bee stings you! The killer bee closely misses you.
The killer bee stings you.
* * * LOW HITPOINT WARNING * * *
The killer bee closely misses you. x2
Okay, then.
You fail to use your ability.
* * * LOW HITPOINT WARNING * * *
You feel sick.
The killer bee is no longer distracted by gold.
The killer bee closely misses you. The killer bee barely misses you.
You block the killer bee's attack. The killer bee barely misses you.
The killer bee is distracted by your dazzling golden aura.
The killer bee misses you. You block the killer bee's attack.
The killer bee misses you. The killer bee stings you.
* * * LOW HITPOINT WARNING * * *
The killer bee buzzes angrily.
Blink to where?
Press: ? - help, Dir - move target
As you read the scroll of blinking, it crumbles to dust.
You die...
Your body crumbles into a pile of gold.

#######################
#<..P#.....#.....#.⌠._.
#PP..'.[...'.#[..'.._._
#PPPP#.....#.#...#..._.
###############'##.._._
#.yy♣........'...#._._.
#.$§..@♣.....#$$$######
#.yy..♣..♣..######
##+####+#####


$$$$ $ $ You could see 4 killer bees.

Vanquished Creatures
  A burning bush (D)
  2 wandering mushrooms (D)
  A queen bee (D)
  3 scorpions (D)
  4 oklob saplings (D)
  2 spriggans (D)
  A river rat (D)
  A rat (D)
15 creatures vanquished.

Notes
Turn   | Place    | Note
-------+----------+-------------------------------------------
     0 | D        | styxcanada the Spriggan Brigand began the quest for the
                  | Orb.
     0 | D        | Reached XP level 1. HP: 10/10 MP: 2/2
     9 | D        | Reached skill level 8 in Stealth
     9 | D        | Reached XP level 2. HP: 15/15 MP: 3/3
    13 | D        | Noticed an oklob sapling
    15 | D        | Killed an oklob sapling
    16 | D        | Reached skill level 10 in Stealth
    16 | D        | Reached XP level 3. HP: 19/19 MP: 4/4
    17 | D        | Noticed a scorpion
    17 | D        | Found the amulet of invisibility {+Inv}
    19 | D        | Killed a scorpion
    20 | D        | Reached skill level 12 in Stealth
    20 | D        | Reached XP level 4. HP: 23/23 MP: 5/5
    42 | D        | Found an opulent altar of Gozag.
    42 | D        | Found a hazy altar of Hepliaklqana.
    42 | D        | Found a burning altar of Makhleb.
    42 | D        | Found a sparkling altar of Nemelex Xobeh.
    42 | D        | Found a snail-covered altar of Cheibriados.
    42 | D        | Found a sacrificial altar of Ru.
    42 | D        | Found a shimmering blue altar of Sif Muna.
    42 | D        | Found a shimmering altar of Xom.
    42 | D        | Found a basalt altar of Yredelemnul.
    43 | D        | Found a viscous altar of Jiyva.
    43 | D        | Found a bloodstained altar of Trog.
    43 | D        | Found an ornate altar of the Wu Jian Council.
    44 | D        | Found an iron altar of Okawaru.
    44 | D        | Found a shadowy altar of Dithmenos.
    44 | D        | Found a glowing silver altar of Zin.
    45 | D        | Found an ancient bone altar of Kikubaaqudgha.
    45 | D        | Found a hide-covered altar of Uskayaw.
    46 | D        | Found a stormy altar of Qazlal.
    46 | D        | Found a white marble altar of Elyvilon.
    46 | D        | Found a glowing golden altar of the Shining One.
    47 | D        | Became a worshipper of Gozag Ym Sagoz the Greedy
    48 | D        | Found a corrupted altar of Lugonu.
    48 | D        | Found a radiant altar of Vehumet.
    53 | D        | Reached skill level 13 in Stealth
    53 | D        | Reached XP level 5. HP: 28/28 MP: 3/6
    66 | D        | Reached skill level 14 in Stealth
    66 | D        | Reached skill level 1 in Evocations
    79 | D        | Reached skill level 5 in Dodging
    80 | D        | Reached skill level 15 in Stealth
    80 | D        | Reached XP level 6. HP: 33/33 MP: 3/7
    82 | D        | Reached skill level 16 in Stealth
   102 | D        | Found Dagyoggu's Magic Scroll Shop.
   102 | D        | Found Uzxeif's Jewellery Emporium.
   109 | D        | Bought a scroll of identify for 28 gold pieces
   109 | D        | Bought a scroll of identify for 28 gold pieces
   109 | D        | Bought a scroll of summoning for 133 gold pieces
   150 | D        | Noticed a burning bush
   150 | D        | Noticed a wandering mushroom
   151 | D        | Noticed a wandering mushroom
   154 | D        | Killed a burning bush
   155 | D        | Reached skill level 17 in Stealth
   155 | D        | Reached skill level 1 in Shields
   155 | D        | Reached XP level 7. HP: 38/38 MP: 5/8
   155 | D        | Killed a wandering mushroom
   156 | D        | Reached skill level 19 in Stealth
   156 | D        | Reached skill level 5 in Evocations
   156 | D        | Killed a wandering mushroom
   159 | D        | Reached XP level 8. HP: 42/42 MP: 5/9
   200 | D        | Found Anogg's Magic Scroll Emporium.
   200 | D        | Found Ygoviwah's General Store.
   203 | D        | Identified the amulet "Olipotz" {Spirit *Corrode Int+9}
   208 | D        | Bought a scroll of brand weapon for 200 gold pieces
   208 | D        | Bought a scroll of enchant weapon for 75 gold pieces
   253 | D        | Noticed a queen bee
   263 | D        | Killed a queen bee
   264 | D        | Reached skill level 5 in Fighting
   264 | D        | Reached skill level 20 in Stealth
   267 | D        | HP: 1/43 [killer bee (6)]
   268 | D        | Succumbed to a killer bee's poison

Illustrated notes

Levels and vault maps discovered:
D:        dungeon_sprint_fedhas [sprint_temple]

Skill      XL: |  1  2  3  4  5  6  7  8 |
---------------+-------------------------+-----
Dodging        | 2 3 4 5 6 7 |  7.7
Stealth        | 8 10 12 13 15 17 19 20 | 20.3
Fighting       | 2 3 4 5 |  5.1
Short Blades   | 3 4 |  4.6
Evocations     | 1 3 5 6 |  6.3
Throwing       | 3 |  3.5
Shields        | 1 2 3 |  3.0

Action                   |  1- 3 |  4- 6 |  7- 9 || total
-------------------------+-------+-------+-------++-------
Melee: Dagger            |     5 |     6 |    11 ||    22
 Abil: Evoke Invisibilit |       |     3 |     1 ||     4
  Use: Scroll            |       |       |     4 ||     4
 Stab: Sleeping          |     3 |     6 |     4 ||    13
       Invisible         |       |       |     1 ||     1
Dodge: Dodged            |     2 |       |    31 ||    33
Block: Buckler           |       |       |    12 ||    12
